 Dungeon Crawl Stone Soup version 0.23.2-40-g277498a001 (webtiles) character file.

Game seed: 14394946017067234516

734 Exodus22XD the Magician (level 7, -3/36 HPs)
             Began as a Deep Elf Ice Elementalist on Sept 23, 2019.
             Killed from afar by an orc (16 damage)
             ... with a wand of flame (3)
             ... on level 5 of the Dungeon.
             The game lasted 00:17:13 (4069 turns).

Exodus22XD the Magician (Deep Elf Ice Elementalist) Turns: 4069, Time: 00:17:14

Health: -3/36      AC: 10    Str:  5    XL:     7   Next: 45%
Magic:  4/19       EV: 18    Int: 22    God:
Gold:   259        SH:  0    Dex: 15    Spells: 10/20 levels left

rFire    x . .     SeeInvis .   b - +0 dagger
rCold    + . .     Gourm    .   (no shield)
rNeg     . . .     Faith    .   a - +0 robe
rPois    .         Spirit   .   (no helmet)
rElec    .         Reflect  .   o - +0 cloak
rCorr    .         Harm     .   (no gloves)
MR       .....                  (no boots)
Stlth    ++........             (no amulet)
HPRegen  0.12/turn              k - ring of ice
MPRegen  0.16/turn              r - +5 ring of evasion

@: icy armour
A: no striking features
a: no special abilities


You were on level 5 of the Dungeon.
You were hungry.

You visited 1 branch of the dungeon, and saw 5 of its levels.
You also visited: Sewer.

You collected 259 gold pieces.

Inventory:

Hand Weapons
 b - a +0 dagger (weapon)
Armour
 a - a +0 robe (worn)
 o - a +0 cloak (worn)
Jewellery
 k - a ring of ice (left hand)
 r - a +5 ring of evasion (right hand)
Wands
 j - a wand of iceblast (17)
Scrolls
 g - a scroll of enchant armour
 h - 4 scrolls of teleportation
 p - 3 scrolls of remove curse
 s - a scroll of blinking
Potions
 d - 2 potions of might
 i - 7 potions of curing
 l - a potion of flight
 m - a potion of mutation
 q - a potion of cancellation {unknown}
Comestibles
 c - 8 rations
 f - a chunk of flesh


   Skills:
 - Level 2.4 Dodging
 - Level 2.4 Stealth
 + Level 7.3 Spellcasting
 - Level 1.1 Conjurations
 - Level 4.2 Summonings
 + Level 6.4 Ice Magic


You had 10 spell levels left.
You knew the following spells:

 Your Spells              Type           Power        Failure   Level  Hunger
a - Freeze                Ice            ####         1%          1    None
b - Ozocubu's Armour      Chrm/Ice       ####....     6%          3    None
c - Throw Frost           Conj/Ice       #####.       2%          2    None
d - Summon Ice Beast      Ice/Summ       #####...     9%          4    ###....

Your spell library contained the following spells:

 Spells                   Type           Power        Failure   Level  Hunger
 Throw Icicle             Conj/Ice       #####...     17%         4    ###....


Dungeon Overview and Level Annotations

Branches:
Dungeon (5/15)
 Temple: D:4-7

Altars:
Qazlal


Message History

Something hits your ice beast.
Casting: Freeze (safe; 1% risk of failure)
Confirm with . or Enter, or press ? or * to list all spells.
You feel a surge of power! A film of ice covers your body!
Your ice beast hits the orc priest.
Your ice beast freezes the orc priest.
The orc priest resists.
The orc zaps a wand.
The puff of flame hits you! The fire burns you terribly!
* * * LOW HITPOINT WARNING * * *
The orc priest hits your ice beast with the +5 dagger of Coaxkoit {holy, rC++ Int-3}.
The heat melts your icy armour.
Press: ? - help, v - describe, . - travel, g - get item
Here: an orc, wielding a +0 war axe, wearing a +0 chain mail and carrying a wand of flame (3)
A +0 shortbow.
There is something else lying underneath.
The floor.
You feel better.
Something closely misses your ice beast.
Your ice beast hits the orc priest but does no damage.
The orc zaps a wand.
The puff of flame hits you! The fire burns you terribly!
You die...

### ...#.. #$) .#.... #
#.#... ..%.... ..#. ... ....
.# ...##'##... ..# +.....'#
..# ## #.....# ..(##.
########..###..#.)###...c..
.......# #...#(.@#.()#...o.
.......# #......(((oYo...
.......# ##.#.....)...)..
.......######.......)......
.......##.....##.........(.
......รท...###.###..........
(......######.# ##........#
...........##.# .......#[.
.......###(...###.#####.##.


You could see an orc priest, an orc and a friendly ice beast.

Vanquished Creatures
  2 bullfrogs (Sewer)
  A howler monkey (D:5)
  2 crimson imps (D:5)
  2 iguanas (D:4)
  A worker ant (D:2)
  8 adders
  2 oozes
  An adder skeleton (D:4)
  2 worms
  3 dart slugs
  6 leopard geckos
  6 orcs
  6 ball pythons
  13 giant cockroaches
  4 goblins
  3 hobgoblins
  9 jackals
  3 quokkas (D:3)
  3 bats
  11 frilled lizards
  6 kobolds
  12 rats
106 creatures vanquished.

Vanquished Creatures (collateral kills)
  An ogre (D:5)
  A phantom (D:4)
  A centaur (D:5)
  A howler monkey (D:4)
  2 orc priests (D:5)
  An orc wizard (D:5)
  A worker ant (D:4)
  An adder skeleton (D:4)
  4 orcs (D:5)
  A quokka zombie (D:5)
14 creatures vanquished.

Grand Total: 120 creatures vanquished

Notes
Turn   | Place    | Note
-------+----------+-------------------------------------------
     0 | D:1      | Exodus22XD the Deep Elf Ice Elementalist began the quest
                  | for the Orb.
     0 | D:1      | Reached XP level 1. HP: 10/10 MP: 6/6
   148 | D:1      | Reached XP level 2. HP: 15/15 MP: 0/8
   694 | D:2      | Reached XP level 3. HP: 11/19 MP: 5/10
   912 | D:2      | Reached skill level 4 in Spellcasting
   962 | D:2      | Reached XP level 4. HP: 10/24 MP: 2/12
  1042 | D:2      | Learned a level 3 spell: Ozocubu's Armour
  1045 | D:2      | Learned a level 2 spell: Throw Frost
  1050 | D:2      | Learned a level 4 spell: Summon Ice Beast
  1165 | D:2      | Reached skill level 1 in Summonings
  1410 | D:3      | HP: 1/24 [bullfrog skeleton (2)]
  2439 | D:4      | Reached XP level 5. HP: 28/28 MP: 11/13
  2701 | D:4      | Noticed a phantom
  2731 | D:4      | Killed a phantom
  2834 | D:4      | Reached XP level 6. HP: 23/32 MP: 11/15
  2910 | D:4      | Found a stormy altar of Qazlal.
  2920 | D:4      | Reached skill level 5 in Spellcasting
  2920 | D:4      | Reached skill level 5 in Ice Magic
  3024 | D:5      | Entered Level 5 of the Dungeon
  3298 | D:5      | Found a glowing drain.
  3310 | Sewer    | Entered a sewer
  3326 | Sewer    | Reached skill level 6 in Spellcasting
  3644 | Sewer    | Reached XP level 7. HP: 36/36 MP: 13/18
  4019 | D:5      | Reached skill level 7 in Spellcasting
  4063 | D:5      | Identified the +5 dagger of Coaxkoit {holy, rC++ Int-3}
  4069 | D:5      | Killed from afar by an orc

Skill      XL: |  1  2  3  4  5  6  7 |
---------------+----------------------+-----
Ice Magic      | 4 5 6 |  6.4
Spellcasting   | 4 6 7 |  7.3
Summonings     | 2 4 |  4.2
Dodging        | |  2.4
Stealth        | |  2.4
Conjurations   | |  1.1

Action                   |  1- 3 |  4- 6 |  7- 9 || total
-------------------------+-------+-------+-------++-------
Melee: Unarmed           |     1 |       |       ||     1
       Dagger            |     2 |    33 |     1 ||    36
 Cast: Freeze            |    52 |    99 |    15 ||   166
       Throw Frost       |       |     7 |     2 ||     9
       Ozocubu's Armour  |       |     3 |     1 ||     4
       Summon Ice Beast  |       |     7 |     3 ||    10
  Use: Potion            |     1 |       |     2 ||     3
       Scroll            |       |     8 |     1 ||     9
 Stab: Sleeping          |     1 |     5 |       ||     6
       Distracted        |       |     1 |       ||     1
  Eat: Chunk             |       |    10 |     1 ||    11
Armor: Robe              |    10 |    19 |     1 ||    30
Dodge: Dodged            |    38 |    88 |    17 ||   143
